 Dungeon Crawl Stone Soup version 0.27-a0-328-g7f782ed93a (webtiles) character file.

Game seed: 5623531492250697341

4161 lessens the Basher (level 10, -4/70 HPs)
             Began as a Mummy Monk on Feb 11, 2021.
             Was a Priest of Okawaru.
             Slain by an orc warrior
             ... wielding a +0 dire flail
              (14 damage)
             ... on level 9 of the Dungeon on Feb 12, 2021.
             The game lasted 00:21:23 (11040 turns).

lessens the Basher (Mummy Monk)                    Turns: 11040, Time: 00:21:24

Health: -4/70      AC: 10    Str: 18    XL:     10   Next: 7%
Magic:  0/11       EV: 10    Int:  9    God:    Okawaru [***...]
Gold:   526        SH:  7    Dex: 15    Spells: 9/9 levels left

rFire    x . .     SeeInvis .   t - +3 war axe (venom)
rCold    + + .     Faith    .   x - +0 kite shield
rNeg     + + +     Spirit   +   v - +2 robe {rC+}
rPois    ∞         Reflect  .   (no helmet)
rElec    .         Harm     .   (no cloak)
rCorr    +         Rampage  .   f - +0 pair of gloves
Will     +....                  k - +0 pair of boots
Stlth    ++........             i - amulet of guardian spirit
HPRegen  0.21/turn              c - ring of resist corrosion
MPRegen  0.12/turn              g - +4 ring of protection

@: about to teleport
A: no potions, fire vulnerability, cold resistance 1, negative energy resistance
3, torment resistance, unbreathing
a: Renounce Religion, Heroism


You were on level 9 of the Dungeon.
You worshipped Okawaru.
Okawaru was most pleased with you.
You visited 1 branch of the dungeon, and saw 9 of its levels.

You collected 526 gold pieces.

Inventory:

Hand Weapons
 a - a +0 mace
 n - a +0 great mace
 t - a +3 war axe of venom (weapon)
 u - a +1 whip of flaming
 w - a +0 trident of protection
 B - a +0 flail
Missiles
 e - 181 stones
 h - 30 poisoned darts
 o - 9 atropa-tipped darts
 z - a javelin
 E - 12 boomerangs (quivered)
Armour
 b - a +0 robe
 f - a +0 pair of gloves (worn)
 k - a +0 pair of boots (worn)
 m - a +0 plate armour
 v - a +2 robe of cold resistance (worn)
 x - a +0 kite shield (worn)
Jewellery
 c - a ring of resist corrosion (left hand)
 g - a +4 ring of protection (right hand)
 i - an amulet of guardian spirit (around neck)
 y - a +4 ring of evasion {unknown}
Wands
 j - a wand of iceblast (4)
 A - a wand of acid (6)
 C - a wand of flame (25)
 D - a wand of paralysis (9)
Scrolls
 d - 2 scrolls of fog
 p - 5 scrolls of identify
 q - 3 scrolls of immolation
 r - a scroll of amnesia
 s - 2 scrolls of blinking
 F - a scroll of fear {unknown}


   Skills:
 - Level 3.0 Fighting
 * Level 11.6 Maces & Flails
 - Level 3.4 Armour
 - Level 2.4 Dodging
 - Level 1.5 Stealth
 + Level 1.4 Invocations


You had 9 spell levels left.
You didn't know any spells.
Your spell library contained the following spells:

 Spells                   Type           Power        Failure   Level
 Animate Skeleton         Necr           0%           96%         1
 Apportation              Tloc           0%           96%         1
 Corona                   Hex            0%           96%         1
 Magic Dart               Conj           0%           96%         1
 Summon Small Mammal      Summ           0%           96%         1
 Blink                    Tloc           N/A          99%         2
 Call Imp                 Summ           0%           99%         2
 Slow                     Hex            0%           99%         2
 Conjure Flame            Conj/Fire      0%           100%        3
 Mephitic Cloud           Conj/Pois/Air  0%           100%        3


Dungeon Overview and Level Annotations

Branches:
Dungeon (9/15)             Temple (0/1) D:7
   Lair: D:8-11         Orc: D:9-12

Altars:
Dithmenos
Elyvilon
Fedhas
Nemelex Xobeh
Okawaru
Ru
Trog
Uskayaw
Vehumet
Wu Jian
Xom
Yredelemnul

Shops:
D:5 [

Annotations:
D:3 3 runed translucent doors, dickylongcocking's ghost, weakling DsDe
D:8 2 transporters, siradein's ghost, journeyman GrEE


Innate Abilities, Weirdness & Mutations

You do not drink.
Your flesh is vulnerable to fire.
You are immune to poison.
Your flesh is cold resistant. (rC+)
You are immune to negative energy. (rN+++)
You are immune to unholy pain and torment.
You can survive without breathing.


Message History

A warg is nearby!
An orc and an orc warrior come into view.
The orc moves out of view.
There is an open door here.
The warg howls!
The orc warrior shouts!
The orc shouts!
A warg comes into view.
There is an open door here.
The warg bites you!
The warg howls!
You slash the warg!
The warg is moderately wounded.
You hear a shout!
The warg bites you.
You completely miss the warg.
The warg is moderately wounded.
The warg misses you. The warg bites you.
You slash the warg!
The warg is severely wounded.
The warg bites you! The warg closely misses you.
You hit the warg.
The warg is severely wounded.
You hit the orc warrior.
The orc warrior is poisoned.
The warg bites you but does no damage.
The orc warrior hits you with a +0 dire flail!
The warg bites you but does no damage.
You closely miss the orc warrior.
The orc warrior is moderately wounded.
You hit the warg but do no damage. You block the warg's attack.
The orc warrior closely misses you. The warg bites you!
The orc warrior hits you with a +0 dire flail.
The orc warrior closely misses you.
There is an open door here.
As you read the scroll of teleportation, it crumbles to dust.
You feel strangely unstable. The warg bites you!
* * * LOW HITPOINT WARNING * * *
The warg bites you.
* * * LOW HITPOINT WARNING * * *
The orc warrior hits you with a +0 dire flail!
You die...

. ####+##### #.#########
#........# ..........#
#........#
..........###........#
.......)÷...'........#
.......[..###.........
########)## ##@#######
##....# #ho## #).####
##oh# #####'##### ##'#####
#...!.....# #......#
#.........#....'..........
#.........+.####..........
#.........# #.....$...P
#.........# #>.....#...


You could see 2 wargs, an orc warrior (very poisoned) and an orc.

Vanquished Creatures
  A two-headed ogre (D:8)
  Pikel (D:4)
  3 ice beasts
  2 orc warriors (D:7)
  A black bear (D:9)
  An ogre (D:3)
  An eye of draining (D:9)
  A centaur (D:8)
  A kobold brigand (D:7)
  2 lemures (D:4)
  A phantom (D:6)
  2 bullfrogs (D:6)
  A wyvern zombie (D:6)
  2 scorpions
  10 killer bees
  4 wights (D:8)
  4 howler monkeys
  9 orc priests
  A centaur skeleton (D:6)
  2 hounds
  A jelly (D:6)
  6 iguanas
  2 worker ants
  5 orc wizards
  A hound zombie (D:6)
  3 hound skeletons
  A worker ant zombie (D:6)
  12 adders
  A shadow imp (D:8)
  3 white imps
  3 ufetubi
  An ooze (D:1)
  An adder zombie (D:6)
  2 adder skeletons (D:4)
  3 worms
  2 dart slugs
  6 leopard geckos
  20 orcs
  2 bats
  4 giant cockroaches
  3 goblins
  5 hobgoblins
  11 jackals
  7 kobolds
  5 quokkas
  2 ball pythons
  A ball python skeleton (D:4)
  7 frilled lizards
  A quokka skeleton (D:4)
  18 rats
189 creatures vanquished.

Notes
Turn   | Place    | Note
-------+----------+-------------------------------------------
     0 | D:1      | lessens the Mummy Monk began the quest for the Orb.
     0 | D:1      | Reached XP level 1. HP: 18/18 MP: 1/1
   221 | D:1      | Reached XP level 2. HP: 20/24 MP: 2/2
   318 | D:1      | Reached skill level 3 in Maces & Flails
  1288 | D:1      | Reached XP level 3. HP: 29/29 MP: 3/3
  2013 | D:2      | Reached skill level 4 in Maces & Flails
  2020 | D:2      | Reached XP level 4. HP: 34/35 MP: 4/4
  2458 | D:3      | Found a runed translucent gate.
  2458 | D:3      | Found a runed translucent gate.
  2458 | D:3      | Found a runed translucent gate.
  2459 | D:3      | Noticed dickylongcocking's ghost (weakling DsDe)
  2459 | D:3      | Identified the +4 short sword of the Eel {pain, rN+}
  2459 | D:3      | Noticed a kobold brigand
  2612 | D:3      | Noticed an ogre
  2695 | D:2      | Reached XP level 5. HP: 34/41 MP: 3/5
  2803 | D:3      | Reached skill level 5 in Maces & Flails
  3013 | D:3      | Killed an ogre
  3014 | D:3      | Reached XP level 6. HP: 27/47 MP: 3/6
  3270 | D:3      | Noticed a moth of wrath
  3274 | D:3      | Found a bloodstained altar of Trog.
  3773 | D:4      | Reached skill level 6 in Maces & Flails
  4102 | D:4      | Noticed Pikel
  4242 | D:4      | Found a radiant altar of Vehumet.
  4550 | D:4      | Found a hide-covered altar of Uskayaw.
  5054 | D:4      | Killed Pikel
  5055 | D:4      | Reached skill level 7 in Maces & Flails
  5055 | D:4      | Reached XP level 7. HP: 40/52 MP: 4/7
  5077 | D:5      | Entered Level 5 of the Dungeon
  5551 | D:5      | Found a shimmering altar of Xom.
  5568 | D:5      | Found Poel's Armour Shop.
  5753 | D:5      | Reached skill level 8 in Maces & Flails
  5833 | D:5      | Reached XP level 8. HP: 37/58 MP: 6/8
  6346 | D:6      | Reached skill level 9 in Maces & Flails
  7264 | D:6      | Found a blossoming altar of Fedhas.
  7666 | D:7      | Reached skill level 10 in Maces & Flails
  7938 | D:7      | Reached XP level 9. HP: 60/63 MP: 7/9
  7942 | D:7      | Found a sparkling altar of Nemelex Xobeh.
  7943 | D:7      | Found a shadowy altar of Dithmenos.
  7945 | D:7      | Found an ornate altar of the Wu Jian Council.
  7953 | D:7      | Found a sacrificial altar of Ru.
  7953 | D:7      | Found an iron altar of Okawaru.
  7965 | D:7      | Became a worshipper of Warmaster Okawaru
  7965 | D:7      | Reached * piety under Okawaru
  7965 | D:7      | Reached ** piety under Okawaru
  8040 | D:7      | Found a white marble altar of Elyvilon.
  8470 | D:7      | Found a staircase to the Ecumenical Temple.
  8548 | D:7      | Reached skill level 1 in Armour
  8844 | D:7      | HP: 1/63 [orc warrior/boomerang (7)]
  9406 | D:8      | Noticed a two-headed ogre
  9474 | D:8      | Found a transporter.
  9495 | D:8      | Noticed siradein's ghost (journeyman GrEE)
  9749 | D:8      | Found a basalt altar of Yredelemnul.
 10036 | D:8      | Killed a two-headed ogre
 10037 | D:8      | Reached skill level 11 in Maces & Flails
 10248 | D:8      | Noticed a toenail golem
 10263 | D:8      | Found a transporter.
 10321 | D:8      | Reached *** piety under Okawaru
 10765 | D:9      | Reached XP level 10. HP: 70/70 MP: 10/10
 10768 | D:9      | Reached skill level 1 in Invocations
 11040 | D:9      | Slain by an orc warrior

Illustrated notes

Levels and vault maps discovered:
D:1:      onia_arrival_handbag, layout_basic, hex_intersection, corner_web_ring
D:2:      layout_basic, minmay_pentomino_o2
D:3:      layout_rooms, tgw_trog, serial_curves, eino_curves_01, eino_curves_04,
          gammafunk_ghost_nasty_kobolds
D:4:      layout_basic, lemuel_coloured_pillars_altar, kennysheep_mini_moat,
          uniq_pikel
D:5:      layout_loops_corners, lemuel_crystal_altar, serial_shops, shop
D:6:      lemuel_ice_spiral_2, layout_rooms, fedhas_altar_4,
          kennysheep_generic_room_16
D:7:      layout_basic, minitemple, minmay_temple_entry_nine_rooms,
          grunt_decor_resistance, elyvilon_altar_3
D:8:      layout_cave_pools, lemuel_round_altar, gammafunk_ghost_abyssal_escape,
          kennysheep_generic_room_11
D:9:      layout_roguey, lemuel_round_altar, erik_lair_orcish_takeover

Skill      XL: |  1  2  3  4  5  6  7  8  9 10 |
---------------+-------------------------------+-----
Maces & Flails | 3 4 5 7 8 10 11 | 11.6
Armour         | 3 |  3.4
Invocations    | 1 |  1.4
Fighting       | |  3.0
Dodging        | |  2.4
Stealth        | |  1.5

Action                   |  1- 3 |  4- 6 |  7- 9 | 10-12 || total
-------------------------+-------+-------+-------+-------++-------
Melee: Mace              |   178 |   218 |       |       ||   396
       War axe           |       |     7 |   279 |    31 ||   317
Throw: Dart              |       |    28 |     2 |       ||    30
       Boomerang         |       |       |     5 |       ||     5
       Javelin           |       |       |     1 |       ||     1
Invok: Heroism           |       |       |     1 |       ||     1
Evoke: Wand              |       |       |     3 |       ||     3
  Use: Scroll            |       |     2 |     5 |     1 ||     8
 Stab: Sleeping          |     6 |     2 |     2 |       ||    10
       Distracted        |     1 |       |       |       ||     1
Armor: Robe              |    36 |    63 |   105 |    18 ||   222
Dodge: Dodged            |   130 |   169 |   171 |    19 ||   489
Block: Kite shield       |       |       |   115 |    21 ||   136

Table legend: (Time is in decaauts)
 A = Elapsed time spent in this place.
 B = Non-inter-level travel time spent in this place.
 C = Inter-level travel time spent in this place.
 D = Time resting spent in this place.
 E = Time spent auto-exploring this place.
 F = Levels seen in this place.
 G = Mean time per level.
                   A        B        C        D        E       F      G
               +--------+--------+--------+--------+--------+-----+--------+
         Total |  11271 |  10495 |    776 |    891 |   6956 |   9 | 1252.3 |
       Dungeon |  11271 |  10495 |    776 |    891 |   6956 |   9 | 1252.3 |
               +--------+--------+--------+--------+--------+-----+--------+

Top non-repeatable levels by time:
     D:7: 2224 daAuts
     D:1: 1529 daAuts
     D:3: 1482 daAuts
     D:5: 1250 daAuts
     D:6: 1241 daAuts
     D:4: 1164 daAuts
     D:8: 1087 daAuts
     D:2: 976 daAuts
     D:9: 314 daAuts
